 Dungeon Crawl Stone Soup version 0.27.0-1-g7a089689b8 (webtiles) character file.

Game seed: 9809020608926198798

144 ABBCCCDDDD the Skirmisher (level 5, 0/33 HPs)
             Began as a Gargoyle Necromancer on Aug 4, 2021.
             Slain by a gnoll (3 damage)
             ... on level 4 of the Dungeon.
             The game lasted 00:12:07 (5003 turns).

ABBCCCDDDD the Skirmisher (Gargoyle Necromancer)    Turns: 5003, Time: 00:12:09

Health: 0/33       AC: 10    Str: 13    XL:     5   Next: 27%
Magic:  8/8        EV: 10    Int: 15    God:
Gold:   27         SH:  4    Dex: 10    Spells: 7/8 levels left

rFire    . . .     SeeInvis .   a - +0 whip
rCold    . . .     Faith    .   o - +0 buckler
rNeg     + . .     Spirit   .   b - +0 ring mail
rPois    ∞         Reflect  .   n - +0 helmet
rElec    +         Harm     .   (no cloak)
rCorr    .         Rampage  .   (no gloves)
Will     .....                  (no boots)
Stlth    +.........             (no amulet)
HPRegen  0.11/turn              (no ring)
MPRegen  0.11/turn              (no ring)

@: flying
A: sickness immunity, AC +4, negative energy resistance 1, electricity
resistance, torment resistance 1, petrification resistance
a: no special abilities


You were on level 4 of the Dungeon.
You visited 1 branch of the dungeon, and saw 4 of its levels.

You collected 27 gold pieces.

Inventory:

Hand Weapons
 a - a +0 whip (weapon)
 c - a +0 short sword
 q - a +0 flail
Armour
 b - a +0 ring mail (worn)
 d - a +0 kite shield
 n - a +0 helmet (worn)
 o - a +0 buckler (worn)
Scrolls
 g - a scroll of torment {unknown}
 i - 2 scrolls of identify {unknown}
 j - a scroll of vulnerability {unknown}
 l - a scroll of blinking {unknown}
 p - a scroll of immolation {unknown}
Potions
 e - a potion of flight
 f - a potion of curing {unknown}
 h - a potion of berserk rage {unknown}
 k - 2 potions of heal wounds {unknown}
 m - a potion of might {unknown}


   Skills:
 + Level 3.9 Fighting
 + Level 0.9 Maces & Flails
 - Level 1.5 Dodging
 - Level 2.4 Stealth
 + Level 2.7 Shields
 - Level 2.0 Spellcasting
 - Level 3.2 Necromancy


You had 7 spell levels left.
You knew the following spells:

 Your Spells              Type           Power      Damage    Failure   Level
a - Pain                  Necr           44%        1d6       16%         1

Your spell library contained the following spells:

 Spells                   Type           Power      Damage    Failure   Level
 Animate Skeleton         Necr           22%        N/A       16%         1
 Vampiric Draining        Necr           5%         2d6       41%         3
 Apportation              Tloc           2%         N/A       50%         1
 Corona                   Hex            1%         N/A       50%         1
 Summon Small Mammal      Summ           4%         N/A       50%         1
 Wereblood                Tmut           1%         N/A       65%         2
 Animate Dead             Necr           5%         N/A       83%         4
 Agony                    Necr           11%        N/A       99%         5
 Fireball                 Conj/Fire      0%         3d3       100%        5
 Starburst                Conj/Fire      0%         8x6d3     100%        6
 Summon Hydra             Summ           0%         N/A       100%        7
 Ignition                 Fire           0%         3d3       100%        8
 Sublimation of Blood     Necr           Unusable   N/A       N/A         2

Dungeon Overview and Level Annotations

Branches:
Dungeon (4/15)
 Temple: D:4-7

Altars:
Vehumet

Annotations:
D:2 Sigmund; Terence
D:3 3 runed translucent doors, Manslay's ghost, amateur GrNe


Innate Abilities, Weirdness & Mutations

You are immune to sickness and miasma.
Your stone body is resilient. (AC +4)
You are immune to poison.
You resist negative energy. (rN+)
You are resistant to electric shocks. (rElec)
You are resistant to unholy torment.
You are immune to petrification.


Message History

You now have 27 gold pieces (gained 10).
You see here a +0 spear.
There is a stone staircase leading down here.
You start resting.
HP restored.
You climb downwards.
The gnoll hits you with a +0 halberd. The gnoll barely misses you.
There is a stone staircase leading up here.
You hit the gnoll but do no damage. The gnoll hits you with a +0 halberd.
You closely miss the gnoll. The gnoll barely misses you.
Your shield and ring mail prevent you from hitting the gnoll.
The gnoll hits you with a +0 halberd.
You closely miss the gnoll. The gnoll barely misses you.
You barely miss the gnoll. The gnoll completely misses you.
You hit the gnoll.
The gnoll is lightly wounded.
You block the gnoll's attack.
You hit the gnoll.
The gnoll is moderately wounded.
The gnoll hits you with a +0 halberd! The gnoll closely misses you.
You closely miss the gnoll.
The gnoll is moderately wounded.
The gnoll closely misses you.
You hit the gnoll.
The gnoll is heavily wounded.
The gnoll hits you with a +0 halberd.
You barely miss the gnoll.
The gnoll is heavily wounded.
The gnoll hits you with a +0 halberd.
You hit the gnoll.
The gnoll is severely wounded.
You block the gnoll's attack.
You hit the gnoll.
The gnoll is almost dead.
The gnoll hits you with a +0 halberd!
* * * LOW HITPOINT WARNING * * *
It was a potion of flight.
You feel very buoyant.
You fly up into the air.
The gnoll hits you with a +0 halberd.
You die...

#.##.##..#####†##..#># .#
#.##.##...gg...# .## .#.#
#.##.##.###.#### ## .#
#.##.##.# #.....# ##.#
#.##.##.# ######.# ##.#
#.##.##.# #.###..#
#####.##.##.# #.#.#.#
#.....##.##g###### #.##.#
#.##### #.@....# #.##.# #.#
######.# #.##)# #.# #.#
#.##.# #.######.# #.# #.##.#
#........# #.######.##.#
######...#######........##.#
#...<....>..########.#
#......<......## #.#
.#.#.###O###### #.#


You could see a gnoll.

Vanquished Creatures
  3 gnolls
  2 adders
  An adder skeleton (D:4)
  A worm (D:2)
  4 dart slugs
  An orc (D:3)
  8 ball pythons
  7 endoplasms
  3 giant cockroaches
  10 goblins
  4 hobgoblins
  10 jackals
  6 quokkas
  6 bats
  3 frilled lizards
  5 kobolds
  A rat (D:1)
75 creatures vanquished.

Notes
Turn   | Place    | Note
-------+----------+-------------------------------------------
     0 | D:1      | ABBCCCDDDD the Gargoyle Necromancer began the quest for the
                  | Orb.
     0 | D:1      | Reached XP level 1. HP: 10/10 MP: 3/3
   133 | D:1      | Reached skill level 1 in Fighting
   292 | D:1      | Reached XP level 2. HP: 14/16 MP: 5/5
   422 | D:1      | Reached skill level 1 in Shields
   634 | D:1      | Reached XP level 3. HP: 2/21 MP: 6/6
   643 | D:1      | HP: 1/21 [jackal (1)]
  1675 | D:2      | Reached XP level 4. HP: 16/28 MP: 5/7
  2192 | D:2      | Noticed Sigmund
  3003 | D:2      | Found a radiant altar of Vehumet.
  3043 | D:2      | Noticed Terence
  3272 | D:3      | Found a faded altar of an unknown god.
  3308 | D:3      | Found a runed translucent gate.
  3308 | D:3      | Found a runed translucent gate.
  3308 | D:3      | Found a runed translucent gate.
  3468 | D:3      | Noticed Manslay's ghost (amateur GrNe)
  4330 | D:4      | Noticed an ogre
  4548 | D:4      | Reached XP level 5. HP: 33/33 MP: 8/8
  5003 | D:4      | Slain by a gnoll

Illustrated notes

Levels and vault maps discovered:
D:1:      onia_arrival_pyramid, layout_basic
D:2:      layout_basic, basic_altar, kennysheep_generic_room_6, uniq_sigmund,
          uniq_terence
D:3:      layout_loops_corners, gammafunk_ghost_icy,
          ebering_ecumenical_altar_webs
D:4:      lemuel_castle_with_subvaults [lemuel_castle_interior_original],
          layout_loops_ring, portal_sewer_entry_e

Skill      XL: |  1  2  3  4 |
---------------+-------------+-----
Fighting       | 1 2 3 |  3.9
Shields        | 1 2 |  2.7
Maces & Flails | |  0.9
Dodging        | |  1.5
Stealth        | |  2.4
Spellcasting   | |  2.0
Necromancy     | |  3.2

Action                   |  1- 3 |  4- 6 || total
-------------------------+-------+-------++-------
Melee: Short sword       |   166 |   118 ||   284
       Whip              |       |   126 ||   126
 Cast: Pain              |     3 |     2 ||     5
  Use: Potion            |     1 |     1 ||     2
       Scroll            |     1 |       ||     1
 Stab: Sleeping          |     1 |     3 ||     4
       Distracted        |       |     1 ||     1
Armor: Robe              |    32 |       ||    32
       Ring mail         |    66 |   122 ||   188
Dodge: Dodged            |    78 |   111 ||   189
Block: Kite shield       |    76 |    89 ||   165
       Buckler           |       |    13 ||    13
